 Dungeon Crawl Stone Soup version 0.30.0-3-ga4e48a9924 (webtiles) character file.

Game seed: 18011532346903513106

216 adizb the Trooper (level 5, -8/50 HPs)
             Began as a Minotaur Fighter on May 7, 2023.
             Was an Initiate of Hepliaklqana.
             Killed from afar by Dowan (20 damage)
             ... with a stone arrow
             ... on level 4 of the Dungeon.
             The game lasted 00:08:45 (1869 turns).

adizb the Trooper (Minotaur Fighter)                Turns: 1869, Time: 00:08:45

Health: -8/50      AC:  7    Str: 22    XL:     5   Next: 61%
Magic:  4/4        EV:  9    Int:  5    God:    Hepliaklqana [......]
Gold:   132        SH:  4    Dex: 10    Spells: 4/4 levels left

rFire   . . .        a - +0 flail
rCold   . . .        c - +0 buckler
rNeg    . . .        b - +0 scale mail
rPois   .            (helmet restricted)
rElec   .            (no cloak)
rCorr   .            (no gloves)
SInv    .            (no boots)
Will    .....        k - amulet of faith Stlth
                     (no ring)
HPRegen 0.28/turn    (no ring)
MPRegen 0.09/turn

%: faith
@: mighty
A: horns 2, retaliatory headbutt
a: Renounce Religion


You were on level 4 of the Dungeon.
You worshipped Hepliaklqana.
Hepliaklqana was noncommittal.
You visited 1 branch of the dungeon, and saw 4 of its levels.

You collected 132 gold pieces.

Inventory:

Hand Weapons
 a - a +0 flail (weapon)
Armour
 b - a +0 scale mail (worn)
 c - a +0 buckler (worn)
Jewellery
 k - an amulet of faith (around neck)
 r - an amulet of magic regeneration
Wands
 h - a wand of paralysis (8)
Scrolls
 e - 2 scrolls of teleportation
 j - 2 scrolls of poison {unknown}
 l - a scroll of silence
 n - a scroll of acquirement {unknown}
 o - a scroll of brand weapon {unknown}
 p - a scroll of identify
 q - a scroll of immolation {unknown}
 s - 3 scrolls of enchant weapon {unknown}
Potions
 d - a potion of experience {unknown}
 f - a potion of magic
 g - a potion of degeneration {unknown}
 m - 2 potions of flight {unknown}
 t - a potion of cancellation {unknown}


   Skills:
 * Level 6.0 Fighting
 + Level 4.1 Maces & Flails
 + Level 4.9 Armour
 - Level 3.6 Shields


You had 4 spell levels left.
You didn't know any spells.
Your spell library contained the following spells:

 Spells                   Type           Power      Damage    Failure   Level
 Poisonous Vapours        Pois/Air       0%         N/A       94%         2
 Mephitic Cloud           Conj/Pois/Air  0%         N/A       99%         3
 Freezing Cloud           Conj/Ice/Air   0%         6-21      100%        5


Dungeon Overview and Level Annotations

Branches:
Dungeon (4/15)
 Temple: D:4-7

Altars:
Hepliaklqana
Vehumet

Annotations:
D:3 exclusion: statue
D:4 Dowan


Innate Abilities, Weirdness & Mutations

You have a pair of horns on your head.
You reflexively headbutt those who attack you in melee.


Message History

You barely miss Duvessa.
Duvessa is moderately wounded.
Duvessa hits you with a +0 short sword. x2
You hit Duvessa.
Duvessa is heavily wounded.
Duvessa hits you but does no damage. Dowan casts a spell at you.
The puff of flame hits you. Duvessa hits you with a +0 short sword.
You sock Duvessa!
Duvessa is severely wounded.
Duvessa hits you with a +0 short sword.
* * * LOW HITPOINT WARNING * * *
Duvessa hits you with a +0 short sword.
* * * LOW HITPOINT WARNING * * *
You feel better. Duvessa hits you with a +0 short sword.
* * * LOW HITPOINT WARNING * * *
Dowan completely misses you.
You hit Duvessa. You headbutt Duvessa!
You kill Duvessa!
Dowan seems overcome with grief.
Dowan seems to find hidden reserves of power!
Dowan hits you but does no damage.
Your Fighting skill increases to level 6!
Your Maces & Flails skill increases to level 4!
You have reached level 5!
You miss Dowan.
Dowan gestures wildly while chanting.
Dowan blinks!
Okay, then.
d - a green potion
Things that are here:
a +0 short sword; a +0 chain mail; the elf corpse of Duvessa
Okay, then.
Dowan breathes, "And she was my only..."
You closely miss Dowan. You headbutt Dowan!
Dowan is moderately wounded.
You block Dowan's attack. Dowan gestures at you while chanting.
The stone arrow hits you!!
You die...

.. #.##..........#
#...##.##..........#
....................#
########.........^..#
#......>.....#
##...........#
#...).......#
#..######...........#
#....)@e...........#
#######)<..........#
#...########## ##..#
####


You could see Dowan (fast).

Vanquished Creatures
  Duvessa (D:4)
  5 adders
  A white imp (D:3)
  A worm (D:3)
  2 dart slugs (D:2)
  An orc (D:3)
  4 endoplasms
  2 giant cockroaches
  4 hobgoblins
  5 kobolds
  A quokka (D:2)
  4 ball pythons
  7 bats
  4 frilled lizards
  6 goblins
  9 rats
57 creatures vanquished.

Vanquished Creatures (others)
  A plant (D:1)
1 creature vanquished.

Grand Total: 58 creatures vanquished

Notes
Turn   | Place    | Note
-------+----------+-------------------------------------------
     0 | D:1      | adizb the Minotaur Fighter began the quest for the Orb.
     0 | D:1      | Reached XP level 1. HP: 19/19 MP: 0/0
   162 | D:1      | Reached skill level 4 in Fighting
   171 | D:1      | Reached XP level 2. HP: 23/27 MP: 1/1
   466 | D:1      | Found a faded altar of an unknown god.
   734 | D:2      | Reached XP level 3. HP: 23/34 MP: 2/2
  1045 | D:2      | Reached skill level 5 in Fighting
  1045 | D:2      | Reached XP level 4. HP: 41/42 MP: 3/3
  1266 | D:3      | Found a hazy altar of Hepliaklqana.
  1288 | D:3      | Became a worshipper of Hepliaklqana the Forgotten
  1472 | D:3      | Found a radiant altar of Vehumet.
  1472 | D:3      | Noticed a charred statue
  1850 | D:4      | Noticed Dowan
  1851 | D:4      | Noticed Duvessa
  1864 | D:4      | Killed Duvessa
  1865 | D:4      | Reached skill level 6 in Fighting
  1865 | D:4      | Reached XP level 5. HP: 10/50 MP: 4/4
  1869 | D:4      | Killed from afar by Dowan

Illustrated notes

Levels and vault maps discovered:
D:1:      spicycebolla_arrival_xxxplode, layout_rooms,
          hellmonk_ecumenical_altar_crossroads, serial_forest,
          infiniplex_forest_zigzag_1, infiniplex_forest_clump_cross,
          infiniplex_forest_lined_3_way, infiniplex_forest_diagonal,
          infiniplex_forest_straight_2, infiniplex_forest_lined_room_2,
          infiniplex_forest_straight_2, infiniplex_forest_clump_long
D:2:      layout_basic, minmay_pentomino_t2
D:3:      layout_basic, amcnicky_altar_gilded, vehumet_statue,
          due_unseen_surprise
D:4:      layout_rooms, uniq_duvessa

Skill      XL: |  1  2  3  4 |
---------------+-------------+-----
Fighting       | 4 5 6 |  6.0
Maces & Flails | 3 4 |  4.1
Armour         | 4 |  4.9
Shields        | |  3.6

Action                     |  1- 3 |  4- 6 || total
---------------------------+-------+-------++-------
  Melee: Flail             |    86 |    39 ||   125
         Headbutt          |     9 |     6 ||    15
    Use: Scroll            |     1 |     3 ||     4
         Potion            |       |     2 ||     2
 Armour: Scale mail        |    46 |    13 ||    59
  Dodge: Dodged            |    41 |    16 ||    57
  Block: Buckler           |    10 |    11 ||    21
